 Dungeon Crawl Stone Soup version 0.15.0-16-gce31824 (console) character file.

1193 gw the Spear-Bearer (level 8, -3/61 HPs)
             Began as a Merfolk Gladiator on Sept 6, 2014.
             Was a Follower of Okawaru.
             Killed from afar by an orc wizard (14 damage)
             ... with a puff of flame
             ... on Level 6 of the Dungeon.
             The game lasted 00:02:44 (6122 turns).

gw the Spear-Bearer (Merfolk Gladiator)             Turns: 6122, Time: 00:02:44

HP  -3/61        AC 10     Str 15      XL: 8   Next: 43%
MP  13/13        EV 13     Int  7      God: Okawaru [*.....]
Gold 0           SH  0     Dex 17      Spells:  0 memorised,  7 levels left

rFire  . . .     SeeInvis .     t - +0 glaive
rCold  + . .     Clarity  .     e - +2 ring mail {rPois}
rNeg   . . .     rCorr    .     (no shield)
rPois  +         rRot     .     c - +0 helmet
rElec  .         Spirit   .     o - +0 cloak
SustAb +         Warding  .     l - +0 pair of gloves
rMut   .         Stasis   .     (no boots)
Gourm  .                        g - cursed amulet of inaccuracy
MR     .....                    a - ring of protection from cold
                                r - ring of sustain abilities

@: not resistant to hostile enchantments, very unstealthy
A: change form in water, swift swim
a: Heroism, Renounce Religion


You were on level 6 of the Dungeon.
You worshipped Okawaru.
Okawaru was aware of your devotion.
You were not hungry.

You visited 1 branch of the dungeon, and saw 6 of its levels.

Inventory:

Hand weapons
 t - a +0 glaive (weapon)
Missiles
 d - 3 throwing nets
 p - 158 stones (quivered)
Armour
 c - a +0 helmet (worn)
 e - a +2 ring mail of poison resistance (worn)
 l - a +0 pair of gloves (worn)
 o - a +0 cloak (worn)
Magical devices
 k - a wand of magic darts (15)
Comestibles
 b - a royal jelly
 f - 4 meat rations
 i - 4 bread rations
 m - a beef jerky
Scrolls
 n - a scroll of identify
 q - a scroll of teleportation
Jewellery
 a - a ring of protection from cold (right hand)
 g - a cursed amulet of inaccuracy (around neck)
 j - an uncursed amulet of warding
 r - a ring of sustain abilities (left hand)
Potions
 h - a potion of curing


   Skills:
 + Level 4.8 Fighting
 * Level 9.5 Polearms
 + Level 4.4 Throwing
 + Level 6.4 Dodging
 + Level 3.8 Invocations


You had 7 spell levels left.
You didn't know any spells.

Dungeon Overview and Level Annotations

Branches:
Dungeon (6/15)             Temple (0/1) D:5

Altars:
Okawaru


Message History

You completely miss something. Something hits you but does no damage.
ATTACKING (0,1)
You hit something. Something hits you.
ATTACKING (0,1)
You hit something.
You hear some strange, mumbled words.
The puff of flame hits you! Something hits you but does no damage.
ATTACKING (0,1)
You hit something. Something hits you but does no damage.
ATTACKING (0,1)
You barely miss something. Something hits you but does no damage.
ATTACKING (0,1)
You closely miss something.
You hear some strange, mumbled words.
The puff of flame misses you.
ATTACKING (0,1)
You closely miss something.
You hear some strange, mumbled words.
The puff of flame hits you!
You die...

#### ......
##########[.....
........m#......
########.#.......
#.........
#.........
#.........
########.#.......
............!....
########.#.####..
#.#..#


There were no monsters in sight!

Table legend:
 A = Turns spent in this place as a percentage of turns spent in the entire game.
 B = Non-inter-level travel turns spent in this place as a percentage of non-inter-level travel turns spent in the entire game.
 C = Inter-level travel turns spent in this place as a percentage of turns spent in this place.
 D = Turns resting spent in this place as a percentage of non-inter-level travel turns spent in this place.
 E = Turns spent auto-exploring this place as a percentage of non-inter-level travel turns spent in this place.
 F = Non-inter-level travel turns spent in this place divided by the number of levels of this place that you've seen.
                   A       B       C       D       E      F
               +-------+-------+-------+-------+-------+----------------------
         Total | 100.0 | 100.0 |   1.3 |   6.4 |  18.7 | 226.5
       Dungeon | 100.0 | 100.0 |   1.3 |   6.4 |  18.7 | 226.5
               +-------+-------+-------+-------+-------+----------------------

Table legend:
 A = Kills in this place as a percentage of kills in entire the game.
 B = Kills by you in this place as a percentage of kills by you in the entire game.
 C = Kills by friends in this place as a percentage of kills by friends in the entire game.
 D = Other kills in this place as a percentage of other kills in the entire game.
 E = Experience gained in this place as a percentage of experience gained in the entire game.
 F = Experience gained in this place divided by the number of levels of this place that you have seen.
                   A       B       C       D       E      F
               +-------+-------+-------+-------+-------+----------------------
         Total | 100.0 | 100.0 |  -nan |  -nan | 100.0 | 284.2
       Dungeon | 100.0 | 100.0 |  -nan |  -nan | 100.0 | 284.2
               +-------+-------+-------+-------+-------+----------------------

Vanquished Creatures
  Grinder (D:3)
  Eustachio (D:4)
  An orc warrior (D:6)
  2 ice beasts
  A phantom (D:3)
  A big kobold (D:5)
  A scorpion (D:5)
  A giant frog zombie (D:6)
  3 crimson imps (D:5)
  An iron imp (D:4)
  Ijyb (D:3)
  A hound zombie (D:5)
  A green rat (D:4)
  An inept item mimic (D:4)
  6 adders
  A white imp (D:4)
  2 giant mites
  A goliath beetle zombie (D:5)
  A worm (D:6)
  2 ufetubi (D:4)
  A giant gecko (D:3)
  An ooze (D:1)
  4 orcs
  3 giant cockroaches
  15 goblins
  6 hobgoblins
  7 jackals
  3 quokkas
  2 ball pythons
  12 bats
  2 giant newts (D:2)
  A goblin skeleton (D:4)
  A jackal skeleton (D:5)
  10 kobolds
  8 rats
106 creatures vanquished.

Notes
Turn   | Place    | Note
--------------------------------------------------------------
     0 | D:1      | gw, the Merfolk Gladiator, began the quest for the Orb.
     0 | D:1      | Reached XP level 1. HP: 16/16 MP: 1/1
   467 | D:1      | Reached XP level 2. HP: 23/23 MP: 2/2
   875 | D:1      | Reached XP level 3. HP: 23/28 MP: 3/3
   975 | D:1      | Reached skill level 5 in Polearms
  1561 | D:2      | Reached XP level 4. HP: 27/34 MP: 4/4
  1770 | D:2      | Found an iron altar of Okawaru.
  1777 | D:2      | Became a worshipper of Warmaster Okawaru
  2136 | D:3      | Noticed Ijyb
  2177 | D:3      | Killed Ijyb
  2400 | D:3      | Noticed Grinder
  2408 | D:3      | Paralysed by Grinder for 2 turns
  2419 | D:3      | Killed Grinder
  2419 | D:3      | Acquired Okawaru's first power
  2419 | D:3      | Reached skill level 7 in Polearms
  2419 | D:3      | Reached skill level 5 in Dodging
  2419 | D:3      | Reached skill level 1 in Invocations
  2419 | D:3      | Reached XP level 5. HP: 15/41 MP: 4/6
  2419 | D:3      | Reached XP level 6. HP: 17/47 MP: 4/7
  3813 | D:4      | Reached XP level 7. HP: 53/53 MP: 9/9
  3822 | D:4      | Noticed Eustachio
  3864 | D:4      | Killed Eustachio
  3864 | D:4      | Reached skill level 8 in Polearms
  4516 | D:5      | Entered Level 5 of the Dungeon
  4987 | D:5      | Reached XP level 8. HP: 59/61 MP: 12/12
  5359 | D:5      | Reached skill level 9 in Polearms
  5472 | D:5      | Found a staircase to the Ecumenical Temple.
  6122 | D:6      | Killed from afar by an orc wizard

Action                   |  1- 3 |  4- 6 |  7- 9 || total
-------------------------+-------+-------+-------++-------
Melee: Trident           |    80 |   116 |   122 ||   318
       Glaive            |       |       |    51 ||    51
Throw: Stone             |    12 |    66 |    81 ||   159
Invok: Heroism           |       |       |     2 ||     2
Evoke: Wand              |       |       |     1 ||     1
  Use: Scroll            |     7 |     7 |     4 ||    18
       Potion            |     3 |     4 |     4 ||    11
  Eat: Chunk             |     2 |     3 |     3 ||     8
       Bread ration      |       |     1 |       ||     1
       Meat ration       |       |       |     1 ||     1

Vault maps used:
D:1:      lemuel_arrival_broad_hall, roderic_whirl
D:2:      lemuel_upstairs_altar, overflow_temple_1_default
D:3:      first_bread, uniq_grinder, uniq_iyjb
D:4:      uniq_eustachio
D:5:      minmay_temple_entry_enclosed_plants, kennysheep_generic_room_4
D:6:      minitemple, portal_sewer_entry_e, kennysheep_generic_room_13
